 Dungeon Crawl Stone Soup version 0.24-a0-219-g9656df7 (webtiles) character file.

Game seed: 12140974841902158333

3864 GEC the Party-goer (level 9, -10/69 HPs)
             Began as a Demonspawn Gladiator on Mar 30, 2019.
             Was a Priest of Uskayaw.
             Mangled by Grum
             ... wielding a -1 halberd
              (23 damage)
             ... on level 8 of the Dungeon.
             The game lasted 00:29:03 (7883 turns).

GEC the Party-goer (Demonspawn Gladiator)           Turns: 7883, Time: 00:29:03

Health: -10/69     AC: 10    Str: 16    XL:     9   Next: 99%
Magic:  9/15       EV: 16    Int: 11    God:    Uskayaw [***...]
Gold:   412        SH:  0    Dex: 15    Spells: 8/8 levels left

rFire    + . .     SeeInvis +   C - +6 hand axe
rCold    . . .     Gourm    .   k - +0 buckler
rNeg     . . .     Faith    .   b - +0 leather armour
rPois    .         Spirit   .   c - +1 helmet
rElec    .         Reflect  +   a - +0 cloak
rCorr    .         Harm     .   h - +0 pair of gloves
MR       +....                  (no boots)
Stlth    +.........             o - +2 amulet of reflection
HPRegen  0.21/turn              e - ring of see invisible
MPRegen  0.14/turn              i - ring of protection from magic

@: confused, starving
A: talons 1, thin metallic scales 2, fire resistance 1
a: Stomp, Line Pass, Renounce Religion


You were on level 8 of the Dungeon.
You worshipped Uskayaw.
Uskayaw was aware of your devotion.
You were starving.

You visited 2 branches of the dungeon, and saw 9 of its levels.
You also visited: Sewer.

You collected 412 gold pieces.

Inventory:

Hand Weapons
 r - a +0 hand axe of flaming
 C - a +6 hand axe (weapon)
Missiles
 d - 4 throwing nets (quivered)
Armour
 a - a +0 cloak (worn)
 b - a +0 leather armour (worn)
 c - a +1 helmet (worn)
 h - a +0 pair of gloves (worn)
 k - a +0 buckler (worn)
Jewellery
 e - a ring of see invisible (left hand)
 i - a ring of protection from magic (right hand)
 o - a +2 amulet of reflection (around neck)
 s - an uncursed ring of fire
 w - an uncursed amulet of the acrobat
 y - an uncursed ring of protection from magic
Scrolls
 l - 4 scrolls of enchant armour
 p - a scroll of teleportation
 t - a scroll of magic mapping
 v - 3 scrolls of remove curse
Potions
 g - a potion of berserk rage
 m - a potion of resistance {unknown}
 n - 2 potions of heal wounds
 q - 2 potions of magic
 u - 2 potions of curing
 x - a potion of mutation {unknown}
 z - 2 potions of flight
 A - a potion of might {unknown}
 B - 2 potions of lignification
Comestibles
 f - 13 rations


   Skills:
 + Level 5.8 Fighting
 + Level 6.3 Axes
 - Level 1.7 Throwing
 - Level 1.4 Armour
 * Level 8.2 Dodging
 - Level 3.1 Stealth
 - Level 0.3 Shields
 * Level 9.1 Invocations


You had 8 spell levels left.
You didn't know any spells.
Your spell library was empty.

Dungeon Overview and Level Annotations

Branches:
Dungeon (8/15)             Temple (1/1) D:4
   Lair: D:8-11

Altars:
Ashenzari
Cheibriados
Dithmenos
Elyvilon
Fedhas
Gozag
Hepliaklqana
Kikubaaqudgha
Makhleb
Nemelex Xobeh
Okawaru
Qazlal
Ru
Sif Muna
Trog
Uskayaw
Vehumet
Wu Jian
Xom
Zin
The Shining One

Shops:
D:6 =

Annotations:
D:8 Grum


Innate Abilities, Weirdness & Mutations

You have sharp toenails.
You are mostly covered in thin metallic scales. (AC +3)
Your flesh is heat resistant. (rF+)


Message History

You claw Grum, but do no damage.
Grum is moderately wounded.
Grum hits you with a -1 halberd!!
* * * LOW HITPOINT WARNING * * *
Okay, then.
Okay, then.
Aiming: Line Pass
Press: ? - help, Dir - move target cursor Grum appears confused.
You are starving!
Grum misses you.
Grum is no longer sharing his pain.
Grum seems less confused.
Found a stone staircase leading up.
Okay, then.
Okay, then.
It was a potion of ambrosia.
You are confused.
You feel invigorated. Grum hits you with a -1 halberd!!
You die...

.# #.# #.# .#
#.# #)# .# #.#
#)# .##### #.#
###.#####
.....# #.#
#.(.†......
..)..# #.#
#.#.#######
.....####.#
###.#.#
.....'....#
#.g.#.#
.....######
#@###.# ....[.#
..<............
......#
...............
......#
######.........
......#
#..........
#####.#
#..........#
#.#
#..........#
#.# ##########
#.#


You could see Grum (berserk).

Vanquished Creatures
  Prince Ribbit (D:5)
  Grinder (D:4)
  Sigmund (D:2)
  A wyvern (D:8)
  2 sky beasts
  An ice beast (D:6)
  2 phantoms
  2 ogres (D:7)
  2 eyes of draining (D:6)
  A necrophage (D:7)
  3 centaurs
  3 wolves (D:8)
  2 big kobolds
  3 bullfrogs
  A wyvern zombie (D:8)
  3 scorpions
  10 wights
  A howler monkey (D:6)
  A bullfrog zombie (D:6)
  A crimson imp (D:7)
  Crazy Yiuf (D:7)
  2 hounds (D:5)
  2 orc priests
  A jelly (D:4)
  A bullfrog skeleton (D:6)
  A centaur skeleton (D:6)
  Terence (D:2)
  5 orc wizards
  Natasha (thrice) (D:3)
  2 worker ants
  A hound zombie (D:7)
  2 worker ant zombies
  A howler monkey zombie (D:7)
  4 adders
  A howler monkey skeleton (D:6)
  4 river rats
  An ooze (D:5)
  2 worms
  A dart slug (D:3)
  5 leopard geckos
  14 orcs
  4 ball pythons
  5 bats
  7 giant cockroaches
  10 goblins
  16 hobgoblins
  4 jackals
  15 kobolds
  4 quokkas
  5 frilled lizards
  14 rats
181 creatures vanquished.

Notes
Turn   | Place    | Note
-------+----------+-------------------------------------------
     0 | D:1      | GEC the Demonspawn Gladiator began the quest for the Orb.
     0 | D:1      | Reached XP level 1. HP: 16/16 MP: 1/1
   282 | D:1      | Gained mutation: You have sharp toenails. [demonic
                  | ancestry]
   282 | D:1      | Reached XP level 2. HP: 22/22 MP: 2/2
   956 | D:1      | You fall through a shaft!
  1066 | D:1      | Gained mutation: You are partially covered in thin metallic
                  | scales. (AC +2) [demonic ancestry]
  1066 | D:1      | Reached XP level 3. HP: 27/27 MP: 3/3
  1297 | D:2      | Noticed Sigmund
  1299 | D:2      | Reached skill level 1 in Stealth
  1353 | D:2      | Killed Sigmund
  1353 | D:2      | Reached skill level 1 in Armour
  1353 | D:2      | Reached XP level 4. HP: 16/33 MP: 4/4
  1353 | D:2      | Reached XP level 5. HP: 18/38 MP: 5/5
  1600 | D:2      | Noticed Terence
  1624 | D:2      | Killed Terence
  2083 | D:2      | Reached XP level 6. HP: 39/46 MP: 6/6
  2506 | D:3      | Noticed Natasha
  2601 | D:3      | Killed Natasha
  2644 | D:3      | Noticed Natasha
  2666 | D:3      | Killed Natasha
  2738 | D:3      | Noticed Natasha
  2789 | D:3      | Killed Natasha
  2822 | D:3      | Found a glowing golden altar of the Shining One.
  2823 | D:3      | Found a glowing silver altar of Zin.
  2826 | D:3      | Found a white marble altar of Elyvilon.
  3295 | D:4      | Found a shadowy altar of Dithmenos.
  3358 | D:4      | Gained mutation: You are mostly covered in thin metallic
                  | scales. (AC +3) [demonic ancestry]
  3358 | D:4      | Reached XP level 7. HP: 41/52 MP: 7/7
  3465 | D:4      | Found a staircase to the Ecumenical Temple.
  3491 | Temple   | Entered the Ecumenical Temple
  3558 | Temple   | Became a worshipper of Uskayaw the Reveler
  3734 | D:4      | Noticed Grinder
  3741 | D:4      | Reached * piety under Uskayaw
  3747 | D:4      | Reached ** piety under Uskayaw
  3759 | D:4      | Killed Grinder
  3759 | D:4      | Reached skill level 5 in Dodging
  3759 | D:4      | Reached skill level 2 in Invocations
  3987 | D:4      | Found an ancient bone altar of Kikubaaqudgha.
  3987 | D:4      | Found a sparkling altar of Nemelex Xobeh.
  4168 | D:5      | Entered Level 5 of the Dungeon
  4226 | D:5      | Found a glowing drain.
  4236 | Sewer    | Entered a sewer
  4249 | Sewer    | Reached *** piety under Uskayaw
  4472 | Sewer    | Reached skill level 3 in Invocations
  4501 | Sewer    | Found a glowing silver altar of Zin.
  4697 | D:5      | Gained mutation: Your flesh is heat resistant. (rF+)
                  | [demonic ancestry]
  4697 | D:5      | Reached XP level 8. HP: 50/60 MP: 10/10
  5066 | D:5      | Reached skill level 4 in Invocations
  5162 | D:5      | Noticed Prince Ribbit
  5265 | D:5      | Killed Prince Ribbit
  5265 | D:5      | Reached skill level 5 in Axes
  5265 | D:5      | Reached skill level 5 in Invocations
  5265 | D:5      | Reached **** piety under Uskayaw
  5636 | D:6      | Found Podin's Jewellery Emporium.
  5708 | D:6      | Reached skill level 6 in Invocations
  5765 | D:6      | Found a snail-covered altar of Cheibriados.
  5991 | D:6      | Found a bloodstained altar of Trog.
  6013 | D:6      | Reached XP level 9. HP: 67/67 MP: 0/13
  6410 | D:7      | Reached skill level 7 in Invocations
  6520 | D:7      | Reached skill level 5 in Fighting
  7097 | D:7      | Reached skill level 8 in Invocations
  7101 | D:7      | Reached ***** piety under Uskayaw
  7106 | D:7      | Reached ****** piety under Uskayaw
  7370 | D:7      | Found a runed translucent door.
  7371 | D:7      | Noticed Crazy Yiuf
  7377 | D:7      | Killed Crazy Yiuf
  7846 | D:8      | Noticed Grum
  7871 | D:8      | Reached skill level 9 in Invocations
  7883 | D:8      | Mangled by Grum

Levels and vault maps discovered:
D:1:      minmay_arrival_four_houses, layout_basic, hangedman_glass_teeth
D:2:      layout_basic, uniq_terence, uniq_sigmund
D:3:      layout_rooms, good_gods_mini_temple, uniq_natasha
D:4:      layout_basic, chequers_temple_overflow_statue_of_worship,
          nicolae_dithmenos_shadow_blocks, minmay_temple_entry_tees,
          first_ration, uniq_grinder
D:5:      layout_gridville, gup_sewer_entry_bubbles, uniq_prince_ribbit1
D:6:      layout_basic, trog_eyes_of_draining, serial_shops,
          nicolae_shop_competitors_out_of_business, cheibriados_altar_1
D:7:      layout_cave_pods, uniq_crazy_yiuf_cottage
D:8:      layout_basic, special_room [special_room_orc], serial_shops,
          shop_statue, uniq_grum
Temple:   jpeg_temple_clearing
Sewer:    sewer_kobolds

Skill      XL: |  1  2  3  4  5  6  7  8  9 |
---------------+----------------------------+-----
Axes           | 3 4 5 6 |  6.3
Dodging        | 3 4 5 6 8 |  8.2
Stealth        | 1 2 3 |  3.1
Armour         | 1 |  1.4
Fighting       | 3 4 5 |  5.8
Invocations    | 3 6 9 |  9.1
Throwing       | |  1.7
Shields        | |  0.3

Action                   |  1- 3 |  4- 6 |  7- 9 || total
-------------------------+-------+-------+-------++-------
Melee: War axe           |    88 |   131 |       ||   219
       Kick              |    15 |    49 |   134 ||   198
       Hand axe          |       |    49 |   384 ||   433
Throw: Throwing net      |       |     1 |     2 ||     3
Invok: Stomp             |       |       |     4 ||     4
       Line Pass         |       |       |     3 ||     3
  Use: Potion            |     2 |       |     1 ||     3
       Scroll            |     1 |     4 |     8 ||    13
 Stab: Sleeping          |     3 |     2 |    13 ||    18
       Held in net/web   |       |     1 |       ||     1
       Paralysed         |       |       |    33 ||    33
  Eat: Chunk             |     1 |     7 |    11 ||    19
       Ration            |       |       |     1 ||     1
Armor: Leather armour    |    17 |    49 |    74 ||   140
       Skin              |     7 |       |       ||     7
Dodge: Dodged            |    51 |   100 |   209 ||   360
Block: Buckler           |    10 |    22 |    75 ||   107
       Reflection        |       |       |     1 ||     1

Table legend:
 A = Non-vault XP
 B = Vault XP
 C = Vault XP percentage of total XP
 D = Non-vault monster count
 E = Vault monster count
 F = Vault count percentage of total count
                 A         B        C        D         E       F
            +---------+---------+-------+---------+---------+-------
      Total |    3898 |    1622 |  29.4 |     150 |      31 |  17.1
            +---------+---------+-------+---------+---------+-------
        D:1 |      40 |       0 |   0.0 |      23 |       0 |   0.0
        D:2 |      82 |     269 |  76.6 |      28 |       2 |   6.7
        D:3 |     201 |      35 |  14.8 |      23 |       1 |   4.2
        D:4 |     206 |     258 |  55.6 |       4 |       1 |  20.0
        D:5 |     580 |     311 |  34.9 |      16 |       7 |  30.4
        D:6 |     656 |     252 |  27.8 |      14 |       4 |  22.2
        D:7 |    1568 |      42 |   2.6 |      31 |       1 |   3.1
        D:8 |     565 |     321 |  36.2 |      11 |       3 |  21.4
      Sewer |       0 |     134 | 100.0 |       0 |      12 | 100.0
            +---------+---------+-------+---------+---------+-------
